 Dungeon Crawl Stone Soup version 0.22-a0-299-g43f9854 (webtiles) character file.

390 grizmgrazm2 the Grave Robber (level 6, -14/48 HPs)
             Began as a Demonspawn Necromancer on Mar 25, 2018.
             Demolished by Menkaure (19 damage)
             ... on level 4 of the Dungeon.
             The game lasted 00:18:25 (3928 turns).

grizmgrazm2 the Grave Robber (DsNe)                 Turns: 3928, Time: 00:18:26

Health: -14/48     AC:  9    Str: 10    XL:     6   Next: 50%
Magic:  10/10      EV:  6    Int: 17    God:
Gold:   104        SH:  0    Dex: 13    Spells: 7/11 levels left

rFire    . . .     SeeInvis .   g - +2 dagger (drain)
rCold    . . .     Gourm    .   (no shield)
rNeg     . . .     Faith    +   b - +3 ring mail
rPois    .         Spirit   .   (no helmet)
rElec    .         Reflect  .   p - +0 cloak
rCorr    .         Harm     .   (no gloves)
MR       .....                  (no boots)
Stlth    ..........             n - amulet of faith
HPRegen  0.16/turn              a - -5 ring of evasion (curse)
MPRegen  0.12/turn              d - ring of loudness (curse)

@: no status effects
A: talons 2, powered by death 1, rot immunity
a: no special abilities


You were on level 4 of the Dungeon.
You were not hungry.

You visited 1 branch of the dungeon, and saw 4 of its levels.

You collected 104 gold pieces.

Inventory:

Hand Weapons
 g - a +2 dagger of draining (weapon)
Armour
 b - a +3 ring mail (worn)
 p - a +0 cloak (worn)
Jewellery
 a - a cursed -5 ring of evasion (left hand)
 d - a cursed ring of loudness (right hand)
 m - an uncursed amulet of regeneration
 n - an amulet of faith (around neck)
 o - an uncursed ring of stealth {unknown}
Wands
 i - a wand of iceblast (10)
Scrolls
 e - 2 scrolls of identify
 l - 2 scrolls of blinking
Potions
 f - 2 potions of flight
 j - a potion of lignification
 k - 2 potions of brilliance
Comestibles
 c - 2 rations
 h - 7 chunks of flesh


   Skills:
 * Level 3.7 Fighting
 + Level 1.9 Short Blades
 + Level 3.0 Dodging
 - Level 1.7 Stealth
 + Level 3.1 Spellcasting
 + Level 5.3 Necromancy


You had 7 spell levels left.
You knew the following spells:

 Your Spells              Type           Power        Failure   Level  Hunger
a - Pain                  Necr           ###.         4%          1    None
b - Vampiric Draining     Necr           ###.......   16%         3    ###....


Dungeon Overview and Level Annotations

Branches:
Dungeon (4/15)
 Temple: D:4-7

Altars:
Gozag

Annotations:
D:4 Menkaure


Innate Abilities, Weirdness & Mutations

You have razor-sharp toenails.
You regenerate a little health from kills.
You are immune to rotting.


Message History

You hit Menkaure but do no damage.
Menkaure is lightly damaged.
Menkaure's bandages flutter.
Menkaure calls on the powers of darkness!
Your body is wracked with pain!
You hit Menkaure. You claw Menkaure.
Menkaure is heavily damaged.
Menkaure barely misses you.
You hit Menkaure. Your kick misses Menkaure.
Menkaure is severely damaged.
Menkaure hits you!
* * * LOW HITPOINT WARNING * * *
It was a potion of heal wounds.
You feel much better.
Menkaure calls on the powers of darkness!
Your body is wracked with pain!
Menkaure hits you!
* * * LOW HITPOINT WARNING * * *
You hit Menkaure but do no damage.
Menkaure is severely damaged.
Menkaure hits you!!
You die...

.. #.#####+#.# #..
###.....# .# ...
..#.###.# # .### #.#.#
#.# # ..# #.#.#
#(#####.#.# #.#
#.#.###.......... #.#
#.#...........#.
#.#.###.#)###...#####.#
#......<....+...@M....#
##.######.###...#######
... ..# #...# ##. #.#
##### #. #.# #. #.# #.
#.# .#


You could see Menkaure.

Vanquished Creatures
  An ogre (D:4)
  An orc priest (D:3)
  An orc wizard (D:3)
  Terence (D:2)
  4 gnolls
  9 adders
  An ooze (D:3)
  3 worms (D:2)
  6 dart slugs
  2 leopard geckos
  5 orcs
  5 giant cockroaches
  11 hobgoblins
  4 jackals (D:2)
  3 quokkas
  6 bats
  A frilled lizard (D:1)
  7 goblins
  6 kobolds
  3 rats
80 creatures vanquished.

Vanquished Creatures (others)
  4 toadstools (D:1)
4 creatures vanquished.

Grand Total: 84 creatures vanquished

Notes
Turn   | Place    | Note
-------+----------+-------------------------------------------
     0 | D:1      | grizmgrazm2 the Demonspawn Necromancer began the quest for the Orb.
     0 | D:1      | Reached XP level 1. HP: 13/13 MP: 3/3
   594 | D:1      | Reached skill level 1 in Fighting
   594 | D:1      | Gained mutation: You have sharp toenails. [demonic ancestry]
   594 | D:1      | Reached XP level 2. HP: 7/21 MP: 0/5
  1385 | D:2      | Reached XP level 3. HP: 24/26 MP: 3/6
  1597 | D:2      | Found an opulent altar of Gozag.
  1805 | D:2      | Gained mutation: You are immune to rotting. [demonic ancestry]
  1805 | D:2      | Reached XP level 4. HP: 8/33 MP: 1/7
  1974 | D:2      | Noticed Terence
  2003 | D:2      | Killed Terence
  2003 | D:2      | Reached skill level 1 in Short Blades
  2343 | D:2      | Gained mutation: You regenerate a little health from kills. [demonic ancestry]
  2343 | D:2      | Reached XP level 5. HP: 25/39 MP: 1/8
  2890 | D:3      | Reached skill level 5 in Necromancy
  3651 | D:3      | Gained mutation: You have razor-sharp toenails. [demonic ancestry]
  3651 | D:3      | Reached XP level 6. HP: 40/47 MP: 8/10
  3686 | D:4      | Learned a level 3 spell: Vampiric Draining
  3921 | D:4      | Noticed Menkaure
  3928 | D:4      | Demolished by Menkaure

Vault maps used:
D:1:      ldierk_walled_garden_2
D:2:      grunt_gozag_breadcrumbs, uniq_terence
D:3:      kennysheep_boxes
D:4:      serial_shops, kennysheep_mini, uniq_menkaure

Skill      XL: |  1  2  3  4  5  6 |
---------------+-------------------+-----
Fighting       | 1 2 3 |  3.7
Dodging        | 2 3 |  3.0
Short Blades   | 1 |  1.9
Necromancy     | 5 |  5.3
Spellcasting   | 3 |  3.1
Stealth        | |  1.7

Action                   |  1- 3 |  4- 6 || total
-------------------------+-------+-------++-------
Melee: Dagger            |   122 |   127 ||   249
       Kick              |    11 |    25 ||    36
       Unarmed           |     1 |       ||     1
 Cast: Pain              |    39 |    36 ||    75
       Vampiric Draining |       |     1 ||     1
  Use: Scroll            |     4 |     8 ||    12
       Potion            |       |     6 ||     6
 Stab: Sleeping          |       |     1 ||     1
  Eat: Chunk             |     3 |     6 ||     9
       Ration            |       |     1 ||     1
Armor: Ring mail         |    55 |    55 ||   110
       Skin              |       |     9 ||     9
Dodge: Dodged            |    80 |    38 ||   118

Table legend:
 A = Spawn XP
 B = Non-spawn XP
 C = Spawn XP percentage of total XP
 D = Spawn monster count
 E = Non-spawn monster count
 F = Spawn count percentage of total count
 G = Total turns spent on level
                    A         B        C        D         E        F      G
               +---------+---------+-------+---------+---------+-------+---------
         Total |       0 |     558 |   0.0 |       0 |      80 |   0.0 |  3928
               +---------+---------+-------+---------+---------+-------+---------
           D:1 |       0 |      40 |   0.0 |       0 |      16 |   0.0 |  1380
           D:2 |       0 |     191 |   0.0 |       0 |      34 |   0.0 |  1392
           D:3 |       0 |     170 |   0.0 |       0 |      23 |   0.0 |   992
           D:4 |       0 |     157 |   0.0 |       0 |       7 |   0.0 |   164
               +---------+---------+-------+---------+---------+-------+---------
